 Dungeon Crawl Stone Soup version 0.31-a0-1469-gd420192249 (webtiles) character file.

Game seed: 207832070983413383

1409 jasper the Chopper (level 8, -26/79 HPs)
             Began as a Troll Fighter on Dec 28, 2023.
             Was an Initiate of Okawaru.
             Annihilated by an orc warlord
             ... wielding a +5 battleaxe
              (36 damage)
             ... in a bailey.
             The game lasted 00:10:07 (4101 turns).

jasper the Chopper (Troll Fighter)                  Turns: 4101, Time: 00:10:07

Health: -26/79     AC:  6    Str: 27    XL:     8   Next: 42%
Magic:  7/7        EV: 14    Int:  4    God:    Okawaru [......]
Gold:   291        SH:  8    Dex:  9    Spells: 7/7 levels left

rFire   . . .        j - +1 broad axe (drain)
rCold   . . .        c - +0 kite shield
rNeg    . . .        t - +2 animal skin
rPois   .            (helmet restricted)
rElec   .            (no cloak)
rCorr   .            (gloves unavailable)
SInv    .            (boots unavailable)
Will    .....        (no amulet)
Stlth   +            p - +5 ring of evasion
HPRegen 1.13/turn    (no ring)
MPRegen 0.10/turn

%: no passive effects
@: mighty, on berserk cooldown, hasted and slowed
A: large, unfitting armour, claws 3, regeneration 1, shaggy fur 1, tough skin 1
a: Renounce Religion


You were in a bailey.
You worshipped Okawaru.
Okawaru was noncommittal.
You visited 2 branches of the dungeon, and saw 7 of its levels.
You also visited: Bailey.

You collected 291 gold pieces.

Inventory:

Hand Weapons
 a - a +1 war axe of electrocution
 f - a +0 whip of electrocution
 j - a +1 broad axe of draining (weapon)
 s - a +0 broad axe of protection
Missiles
 g - 63 stones
 i - 13 boomerangs (quivered)
Armour
 b - a +0 robe
 c - a +0 kite shield (worn)
 t - a +2 animal skin (worn)
Jewellery
 p - a +5 ring of evasion (left claw)
Scrolls
 e - a scroll of amnesia
 k - a scroll of revelation
 l - 5 scrolls of identify
 m - 2 scrolls of teleportation
Potions
 d - a potion of might
 h - 3 potions of curing
 n - a potion of heal wounds {unknown}
 o - a potion of enlightenment
 q - a potion of haste
 r - 3 potions of cancellation


   Skills:
 + Level 4.9 Fighting
 * Level 6.3 Axes
 - Level 2.4 Dodging
 + Level 5.4 Shields


You had 7 spell levels left.
You didn't know any spells.
Your spell library was empty.

Dungeon Overview and Level Annotations

Branches:
Dungeon (7/15)             Temple (1/1) D:4          Bailey (1/1)

Altars:
Dithmenos
Elyvilon
Fedhas
Gozag
Makhleb
Okawaru
Ru
Sif Muna
Trog
Uskayaw
Vehumet
Xom
Yredelemnul

Shops:
D:1 :(((=


Innate Abilities, Weirdness & Mutations

You are too large for most types of armour.
You have claws for hands.
Your natural rate of healing is unusually fast.
You are covered in fur. (AC +1)
You have tough skin. (AC +1)


Message History

The orc warlord hits you with a +5 battleaxe!!
You take 26 damage, and have 92/118 hp.
MASSIVE DAMAGE!!
You hit the orc warlord.
The orc warlord is lightly wounded.
You block the orc warlord's attack.
You slash the orc warlord!
The orc warlord is lightly wounded.
You block the orc warlord's attack.
You slash the orc warlord!
The orc warlord is moderately wounded.
The orc warlord splashes around in the water.
You slash the orc warlord!
The orc warlord is heavily wounded.
The orc warlord hits you with a +5 battleaxe!
You take 7 damage, and have 88/118 hp.
You barely miss the orc warlord.
The orc warlord is heavily wounded.
The orc warlord hits you with a +5 battleaxe!
You take 6 damage, and have 82/118 hp.
You barely miss the orc warlord.
The orc warlord is heavily wounded.
The orc warlord hits you with a +5 battleaxe!!
You take 21 damage, and have 61/118 hp.
You hit the orc warlord but do no damage.
The orc warlord is heavily wounded.
You are no longer berserk.
You are exhausted.
You feel yourself slow down.
The orc warlord hits you with a +5 battleaxe!!
* * * LOW HITPOINT WARNING * * *
You now have 7/79 hp.
You slice the orc warlord!!
The orc warlord is severely wounded.
The orc warlord barely misses you.
You regained 2 hp, and now have 9/79 hp.
Okay, then.
Unknown command.
The orc warlord attacks as it pursues you!
The orc warlord hits you with a +5 battleaxe!!!
You die...

##### ##### ##...## ##...##
##.....## ##.....##
##.......#######..†....##
##..8..8...........8..8..##
#........†.†..............#
#.........................#
#...8......#'@'#......8...#
##......####~o~####......##
♣##.....#~~~~~~~~~#.....##♣
♣.##....#~.8...8.~#....##.♣
♣♣..###'###.......###'###..♣♣
♣...~)~.#~~.8...8.~~#[~~~...♣
♣♣...~)~.#~.........~#)~~~...♣
♣∩...~~~.#~....∩....~#.~~~...∩
♣♣...~~~.##.........##.~~~...♣


You could see an orc warlord.

Vanquished Creatures
  Grinder (D:4)
  Sigmund (D:3)
  2 orc warriors (Bailey)
  2 ogres (D:4)
  A phantom (D:4)
  A bullfrog (D:3)
  3 scorpions
  A bombardier beetle (D:3)
  An orc priest (D:3)
  Terence (D:2)
  An orc wizard (D:7)
  2 sleepcaps (D:5)
  Robin (D:3)
  A gnoll (Bailey)
  6 adders
  A worm (D:3)
  3 dart slugs
  11 orcs
  6 ball pythons
  6 endoplasms
  2 giant cockroaches
  17 goblins
  10 hobgoblins
  10 jackals
  6 quokkas
  9 bats
  4 frilled lizards
  17 kobolds
  7 rats
134 creatures vanquished.

Notes
Turn   | Place    | Note
-------+----------+-------------------------------------------
     0 | D:1      | jasper the Troll Fighter began the quest for the Orb.
     0 | D:1      | Reached XP level 1. HP: 22/22 MP: 0/0
     9 | D:1      | Noticed an electric eel
    44 | D:1      | Found Piatiol's Jewellery Emporium.
    60 | D:1      | Found Qyguw's Weapon Boutique.
    65 | D:1      | Found Dezxuxt's Antique Weapon Boutique.
    93 | D:1      | Reached XP level 2. HP: 29/29 MP: 1/1
    96 | D:1      | Reached skill level 2 in Axes
   108 | D:1      | Found Jeumogodym's Weapon Shoppe.
   175 | D:1      | Found Jyqifrus's Book Shoppe.
   500 | D:2      | Reached XP level 3. HP: 36/36 MP: 2/2
   616 | D:2      | Found a faded altar of an unknown god.
   812 | D:2      | Noticed Terence
   829 | D:2      | Killed Terence
   830 | D:2      | Reached XP level 4. HP: 19/44 MP: 3/3
   880 | D:2      | Reached skill level 3 in Axes
   901 | D:2      | Identified the +4 short sword of Usaykyc {elec, rN+ Dex+5}
  1721 | D:3      | Reached XP level 5. HP: 53/53 MP: 4/4
  2063 | D:3      | Noticed Sigmund
  2091 | D:3      | Killed Sigmund
  2092 | D:3      | Reached skill level 4 in Axes
  2092 | D:3      | Reached XP level 6. HP: 25/61 MP: 5/5
  2239 | D:3      | Noticed Robin
  2259 | D:3      | Killed Robin
  2717 | D:4      | Reached XP level 7. HP: 68/68 MP: 6/6
  2739 | D:4      | Found a shimmering blue altar of Sif Muna.
  2779 | D:4      | Reached skill level 5 in Axes
  3073 | D:4      | Noticed Grinder
  3081 | D:4      | Paralysed by Grinder for 5 turns
  3101 | D:4      | Killed Grinder
  3500 | D:4      | Found a staircase to the Ecumenical Temple.
  3505 | Temple   | Entered the Ecumenical Temple
  3525 | Temple   | Became a worshipper of Warmaster Okawaru
  3605 | D:5      | Entered Level 5 of the Dungeon
  3613 | D:5      | Reached XP level 8. HP: 79/79 MP: 7/7
  3761 | D:5      | Reached skill level 5 in Shields
  3801 | D:5      | You fall into a shaft and drop 2 floors!
  3839 | D:7      | Reached skill level 6 in Axes
  3843 | D:7      | Found a flagged portal.
  3854 | Bailey   | Entered a bailey
  3859 | Bailey   | Noticed an orc warlord
  3935 | Bailey   | Found a runed translucent gate.
  3937 | Bailey   | Found a runed translucent gate.
  3971 | Bailey   | Found a runed translucent gate.
  4101 | Bailey   | Annihilated by an orc warlord

Illustrated notes

Levels and vault maps discovered:
D:1:      arrival_aquarium_a, layout_rooms, serial_shops, shop_fountains, shop,
          shop, nicolae_shop_tiny_waterfront, shop
D:2:      minmay_spotlight, layout_basic,
          dreamdust_ecumenical_altar_angels_and_demons, uniq_terence
D:3:      layout_basic, minmay_fractal_squares_gapless_5, uniq_robin,
          uniq_sigmund
D:4:      layout_loops_cross, nicolae_overflow_hidden_temple, temple_doors_ab,
          chequers_serial_rivers_micro_b, dk_noncrumbling_3, uniq_grinder
D:5:      layout_basic, kennysheep_slug_shrine, nicolae_overflow_squiral,
          minmay_manual_mares, uniq_menkaure
D:7:      layout_loops_ring, enter_bailey_3, chequers_decorated_corner
Temple:   minmay_temple_bridge_abc
Bailey:   bailey_axe_bossmonster_kennysheep, bailey

Skill      XL: |  1  2  3  4  5  6  7  8 |
---------------+-------------------------+-----
Axes           | 2 3 4 5 6 |  6.3
Shields        | 3 4 5 |  5.4
Fighting       | 3 4 |  4.9
Dodging        | |  2.4

Action                     |  1- 3 |  4- 6 |  7- 9 || total
---------------------------+-------+-------+-------++-------
  Melee: War axe           |   125 |   166 |    86 ||   377
         Broad axe         |       |       |    26 ||    26
  Throw: Stone             |     2 |     4 |     2 ||     8
         Boomerang         |       |       |     4 ||     4
    Use: Potion            |     1 |     1 |     3 ||     5
         Scroll            |       |    14 |     6 ||    20
   Stab: Sleeping          |     1 |       |       ||     1
 Armour: Robe              |   113 |    75 |       ||   188
         Animal skin       |       |    12 |    45 ||    57
  Dodge: Dodged            |    47 |   114 |    72 ||   233
  Block: Kite shield       |    52 |    82 |    37 ||   171

Table legend: (Time is in decaauts)
 A = Elapsed time spent in this place.
 B = Non-inter-level travel time spent in this place.
 C = Inter-level travel time spent in this place.
 D = Time resting spent in this place.
 E = Time spent auto-exploring this place.
 F = Levels seen in this place.
 G = Mean time per level.
                   A        B        C        D        E       F      G
               +--------+--------+--------+--------+--------+-----+--------+
         Total |   4270 |   3808 |    462 |    159 |   1750 |   8 |  533.8 |
       Dungeon |   3976 |   3551 |    425 |    159 |   1739 |   6 |  662.7 |
        Temple |     40 |      3 |     37 |      0 |      0 |   1 |   40.0 |
        Bailey |    253 |    253 |      0 |      0 |     11 |   1 |  253.0 |
               +--------+--------+--------+--------+--------+-----+--------+

Top non-repeatable levels by time:
     D:2: 1276 daAuts
     D:3: 1078 daAuts
     D:4: 1006 daAuts
     D:1: 488 daAuts
  Bailey: 253 daAuts
     D:5: 69 daAuts
     D:7: 57 daAuts
  Temple: 40 daAuts
